 Dungeon Crawl Stone Soup version 0.13-a0-522-g8f4ad99 (console) character file.

427 lorelai the Shield-Bearer (level 6, 0/48 HPs)
             Began as a Human Fighter on Apr 30, 2013.
             Was an Initiate of Okawaru.
             Slain by a troll zombie (5 damage)
             ... on Level 5 of the Dungeon.
             The game lasted 00:07:41 (3860 turns).

lorelai the Shield-Bearer (Human Fighter)           Turns: 3860, Time: 00:07:41

HP   0/48        AC 10     Str 18      XL: 6   Next: 19%
MP   5/5         EV  6     Int  8      God: Okawaru [......]
Gold 206         SH 19     Dex 13      Spells:  0 memorised,  5 levels left

Res.Fire  : . . .   See Invis. : .   a - +0 mace
Res.Cold  : . . .   Warding    : .   b - +0 scale mail
Life Prot.: . . .   Conserve   : .   c - +0 shield
Res.Poison: .       Res.Corr.  : .   u - +0 winged helmet
Res.Elec. : .       Clarity    : .   m - +0 dwarf cloak
Sust.Abil.: . .     Spirit.Shd : .   t - +0 pair of gauntlets
Res.Mut.  : .       Stasis     : .   (no boots)
Res.Rott. : .       Ctrl.Telep.: .   (no amulet)
Saprovore : . . .   Flight     : .   (no ring)
                                     (no ring)

@: hasted, very quick, slightly resistant to hostile enchantments, extremely
unstealthy
A: no striking features
a: Renounce Religion


You were on level 5 of the Dungeon.
You worshipped Okawaru.
Okawaru was pleased with you.
You were not hungry.

You visited 1 branch of the dungeon, and saw 5 of its levels.

You collected 186 gold pieces.

Inventory:

Hand weapons
 a - a +0,+0 mace (weapon)
Missiles
 y - 12 poisoned needles
Armour
 b - a +0 scale mail (worn)
 c - a +0 shield (worn)
 m - a +0 dwarven cloak (worn)
 t - a +0 pair of gauntlets (worn)
 u - a +0 winged helmet (worn)
Comestibles
 d - 2 bread rations
 i - a pear
 v - a meat ration
 z - a beef jerky
Scrolls
 e - a scroll of curse weapon
 f - a scroll of noise
 l - 2 scrolls of remove curse
 q - a scroll of enchant armour {unknown}
 r - a scroll of curse jewellery {unknown}
 s - a scroll of fear {unknown}
Jewellery
 h - an uncursed ring of protection from fire {unknown}
Potions
 g - a potion of paralysis {unknown}
 j - 4 potions of confusion
 k - a potion of flight {unknown}
 o - a potion of speed
 p - a potion of heal wounds {unknown}


   Skills:
 - Level 3.0 Fighting
 + Level 4.5 Maces & Flails
 - Level 3.0 Armour
 + Level 4.9 Shields


You had 5 spell levels left.
You didn't know any spells.

Dungeon Overview and Level Annotations

Branches:
Dungeon (5/27)
 Temple: D:4-7

Altars:
Nemelex Xobeh
Okawaru
Trog

Annotations
D:4 Menkaure, Pikel


Message History

The troll zombie claws you.
* * * LOW HITPOINT WARNING * * *
Things that are here:
a kobold corpse; a bat corpse Drink which item? (? for menu, Esc to quit)
You feel yourself speed up.
Your scale mail prevents you from hitting the troll zombie.
You hit the troll zombie. You block the troll zombie's attack.
The troll zombie claws you but does no damage.
You barely miss the troll zombie.
The troll zombie bites you but does no damage.
The troll zombie barely misses you. The troll zombie claws you.
* * * LOW HITPOINT WARNING * * *
You hit the troll zombie. You barely miss the troll zombie.
The troll zombie bites you but does no damage.
The troll zombie claws you!
* * * LOW HITPOINT WARNING * * *
The troll zombie claws you.
You die...

##### #...# #...# #...# #####
#...# #######...####... #...#
#..@Z%............
########...###.#####.%.####...
................#####.$.######
.############...#...#(.........
<# #####...#.......##...## ...#
........................ ...#
.#.#########.........## .....
.. ###....#### .###.. . #.(..#


You could see a troll zombie.

Vanquished Creatures
  A slave (D:5)
  A worker ant (D:3)
  2 orc wizards
  5 adders
  A worm (D:3)
  9 orcs
  3 ball pythons
  2 goblins
  5 hobgoblins
  4 jackals
  14 kobolds
  3 quokkas
  4 training dummies (D:3)
  12 bats
  10 giant cockroaches
  6 giant newts
  6 rats
88 creatures vanquished.

Vanquished Creatures (others)
  A rat (D:3)
1 creature vanquished.

Grand Total: 89 creatures vanquished

Notes
Turn   | Place    | Note
--------------------------------------------------------------
     0 | D:1      | lorelai, the Human Fighter, began the quest for the Orb.
     0 | D:1      | Reached XP level 1. HP: 18/18 MP: 0/0
   110 | D:1      | Reached XP level 2. HP: 24/24 MP: 1/1
   605 | D:1      | Reached XP level 3. HP: 30/30 MP: 2/2
   818 | D:2      | Found a bloodstained altar of Trog.
  1382 | D:3      | Found an iron altar of Okawaru.
  1406 | D:3      | Became a worshipper of Warmaster Okawaru
  1434 | D:3      | Reached XP level 4. HP: 15/36 MP: 3/3
  1808 | D:3      | Reached skill level 4 in Shields
  1884 | D:3      | Reached XP level 5. HP: 34/41 MP: 4/4
  2166 | D:3      | Found a sparkling altar of Nemelex Xobeh.
  2528 | D:4      | Noticed a slave
  2530 | D:4      | Noticed Pikel
  2533 | D:4      | Noticed a slave
  2820 | D:4      | Noticed an ogre
  3162 | D:3      | Reached XP level 6. HP: 48/48 MP: 5/5
  3588 | D:4      | Noticed Menkaure
  3592 | D:5      | Entered Level 5 of the Dungeon
  3598 | D:4      | Noticed a slave
  3598 | D:4      | Noticed a slave
  3627 | D:5      | Killed a slave
  3860 | D:5      | Slain by a troll zombie

Action                   |  1- 3 |  4- 6 || total
-------------------------+-------+-------++-------
Melee: Mace              |   130 |   245 ||   375
  Use: Scroll            |       |     7 ||     7
       Potion            |       |     8 ||     8
